 Dungeon Crawl Stone Soup version 0.24.0-125-gc4c63601f3 (webtiles) character file.

Game seed: 9728918215763896683, levelgen mode: deterministic

990 Descartes the Magician (level 7, -1/40 HPs)
             Began as a Deep Elf Air Elementalist on Mar 15, 2020.
             Succumbed to Edmund's poison
             ... on level 5 of the Dungeon.
             The game lasted 00:17:00 (5961 turns).

Descartes the Magician (Deep Elf Air Elementalist)  Turns: 5961, Time: 00:17:01

Health: -1/40      AC:  6    Str:  6 (8)  XL:     7   Next: 98%
Magic:  6/27       EV: 14    Int: 19 (22) God:
Gold:   193        SH:  0    Dex: 14 (15) Spells: 10/18 levels left

rFire    . . .     SeeInvis .   t - +3 dagger
rCold    . . .     Gourm    .   (no shield)
rNeg     . . .     Faith    .   b - +0 leather armour
rPois    .         Spirit   .   (no helmet)
rElec    .         Reflect  .   r - +0 cloak
rCorr    .         Harm     .   (no gloves)
MR       .....                  o - +0 pair of boots
Stlth    ++........             (no amulet)
HPRegen  0.13/turn              s - ring of magical power
MPRegen  0.20/turn              v - +3 ring of strength

@: lethally poisoned (-1 -> -38)
A: rugged brown scales 1, robust 1
a: no special abilities


You were on level 5 of the Dungeon.
You were hungry.

You visited 1 branch of the dungeon, and saw 5 of its levels.

You collected 193 gold pieces.

Inventory:

Hand Weapons
 t - a +3 dagger (weapon)
Missiles
 e - 16 poisoned darts (quivered)
 h - 8 javelins
 i - 36 arrows
 k - 8 boomerangs
 l - 160 stones
Armour
 a - a +0 robe
 b - a +0 leather armour (worn)
 o - a +0 pair of boots (worn)
 r - a +0 cloak (worn)
Jewellery
 s - a ring of magical power (left hand)
 v - a +3 ring of strength (right hand)
Scrolls
 g - 7 scrolls of identify
 m - 2 scrolls of remove curse
Potions
 d - a potion of might {unknown}
 f - a potion of cancellation {unknown}
 j - a potion of degeneration
 n - a potion of heal wounds {unknown}
 p - 3 potions of lignification
 u - a potion of brilliance {unknown}
Comestibles
 c - 8 rations
 q - 3 chunks of flesh


   Skills:
 + Level 2.6 Armour
 + Level 5.5 Dodging
 - Level 2.4 Stealth
 + Level 6.3 Spellcasting
 + Level 4.6 Conjurations
 + Level 5.1 Air Magic


You had 10 spell levels left.
You knew the following spells:

 Your Spells              Type           Power        Failure   Level  Hunger
a - Shock                 Conj/Air       ###.         2%          1    None
b - Airstrike             Air            ####......   19%         4    ####...
c - Static Discharge      Conj/Air       ###.....     7%          3    ##.....

Your spell library contained the following spells:

 Spells                   Type           Power        Failure   Level  Hunger
 Swiftness                Chrm/Air       ###.....     9%          2    None
 Lightning Bolt           Conj/Air       ###.......   52%         5    #####..


Dungeon Overview and Level Annotations

Branches:
Dungeon (5/15)
 Temple: D:4-7

Altars:
Fedhas
Gozag
Makhleb
Zin
Beogh

Annotations:
D:3 1 runed translucent door, Crazy Yiuf
D:4 3 runed translucent doors, Kagalorn's ghost, amateur OpVM


Innate Abilities, Weirdness & Mutations

You are partially covered in rugged brown scales. (AC +1, +3% HP)
You are robust. (+10% HP)


Message History

The lightning grounds out.
* * * LOW HITPOINT WARNING * * *
You feel sick.
Edmund hits you with a +2 flail of venom.
* * * LOW HITPOINT WARNING * * *
You are more poisoned.
Casting: Static Discharge (safe; 5% risk of failure)
Confirm with . or Enter, or press ? or * to list all spells.
Edmund is struck by an arc of lightning!
You kill Edmund!
You are struck by an arc of lightning.
* * * LOW HITPOINT WARNING * * *
The lightning grounds out.
You are feeling hungry.
* * * LOW HITPOINT WARNING * * *
You feel very sick.
It was a potion of degeneration.
There was something very wrong with that liquid.
You feel weakened.
You feel dopey.
You feel clumsy.
You die...

############ #
...........###..##
...........@.....#
...........#)....#
...........#.....#
...........#.....#
...........#.....#
...........#..>..+
...........###+###
###+######........
#........


There were no monsters in sight!

Vanquished Creatures
  Edmund (D:5)
  An ice beast (D:5)
  2 ogres
  A crimson imp (D:5)
  An orc priest (D:3)
  Jessica (D:2)
  3 orc wizards
  9 worker ants
  A hound zombie (D:3)
  5 adders
  4 gnolls (D:4)
  A shadow imp (D:5)
  2 oozes (D:2)
  2 dart slugs
  10 orcs
  2 ball pythons
  10 giant cockroaches
  10 goblins
  6 hobgoblins
  11 jackals
  6 bats
  3 frilled lizards
  2 jackal skeletons (D:4)
  8 kobolds
  4 rats
106 creatures vanquished.

Notes
Turn   | Place    | Note
-------+----------+-------------------------------------------
     0 | D:1      | Descartes the Deep Elf Air Elementalist began the quest for
                  | the Orb.
     0 | D:1      | Reached XP level 1. HP: 10/10 MP: 6/6
   506 | D:1      | Reached XP level 2. HP: 15/15 MP: 2/8
  1343 | D:2      | Reached XP level 3. HP: 6/19 MP: 0/10
  1837 | D:2      | Found an opulent altar of Gozag.
  2300 | D:2      | Noticed Jessica
  2306 | D:2      | Killed Jessica
  2306 | D:2      | Reached skill level 4 in Spellcasting
  2306 | D:2      | Reached XP level 4. HP: 20/24 MP: 4/12
  2944 | D:3      | Found a runed translucent door.
  2945 | D:3      | Noticed Crazy Yiuf
  2982 | D:3      | Found a glowing silver altar of Zin.
  3171 | D:3      | Reached XP level 5. HP: 28/28 MP: 13/13
  3186 | D:3      | Gained mutation: You are partially covered in rugged brown
                  | scales. (AC +1, +3% HP) [potion of mutation]
  3186 | D:3      | Gained mutation: You are robust. (+10% HP) [potion of
                  | mutation]
  3217 | D:3      | Noticed an ogre
  3530 | D:3      | Killed an ogre
  3530 | D:3      | Reached skill level 1 in Armour
  3530 | D:3      | Reached XP level 6. HP: 15/36 MP: 11/15
  3753 | D:3      | Found a blossoming altar of Fedhas.
  3753 | D:3      | Found a burning altar of Makhleb.
  3901 | D:3      | Learned a level 4 spell: Airstrike
  3905 | D:3      | Learned a level 3 spell: Static Discharge
  4040 | D:4      | Reached skill level 5 in Spellcasting
  4465 | D:4      | Reached XP level 7. HP: 40/40 MP: 17/17
  4827 | D:4      | Found a runed translucent gate.
  4828 | D:4      | Found a runed translucent gate.
  4829 | D:4      | Found a runed translucent gate.
  4830 | D:4      | Noticed Kagalorn's ghost (amateur OpVM)
  4835 | D:4      | Found a roughly hewn altar of Beogh.
  5570 | D:5      | Entered Level 5 of the Dungeon
  5606 | D:5      | Reached skill level 5 in Dodging
  5700 | D:5      | Reached skill level 6 in Spellcasting
  5766 | D:5      | Reached skill level 5 in Air Magic
  5951 | D:5      | Noticed Edmund
  5960 | D:5      | Killed Edmund
  5960 | D:5      | HP: 1/40 [poisoned by Edmund]
  5961 | D:5      | Succumbed to Edmund's poison

Levels and vault maps discovered:
D:1:      lightli_arrival_boilingwater, layout_loops_corners, hex_tiny
D:2:      layout_loops_cross, nicolae_gozag_cash_rules_everything_around_me,
          uniq_jessica
D:3:      layout_basic, chequers_temple_overflow_statue_of_worship,
          first_ration, uniq_crazy_yiuf_cottage
D:4:      layout_layer_cave, biasface_ghost_orc_armoury
D:5:      layout_gridville, uniq_eustachio, uniq_edmund

Skill      XL: |  1  2  3  4  5  6  7 |
---------------+----------------------+-----
Dodging        | 3 4 5 |  5.5
Conjurations   | 2 3 4 |  4.6
Spellcasting   | 4 5 6 |  6.3
Air Magic      | 4 5 |  5.1
Armour         | 1 2 |  2.6
Stealth        | |  2.4

Action                   |  1- 3 |  4- 6 |  7- 9 || total
-------------------------+-------+-------+-------++-------
Melee: Dagger            |    10 |       |       ||    10
 Cast: Shock             |    79 |   121 |    66 ||   266
       Airstrike         |       |     1 |     1 ||     2
       Static Discharge  |       |       |    10 ||    10
  Use: Scroll            |       |     3 |       ||     3
       Potion            |       |     2 |     1 ||     3
  Eat: Chunk             |     3 |     8 |     4 ||    15
Armor: Robe              |     3 |     4 |       ||     7
       Leather armour    |       |     5 |     7 ||    12
Dodge: Dodged            |    15 |    24 |    16 ||    55
